 Dungeon Crawl Stone Soup version 0.18.1-50-g88ac8fd (webtiles) character file.

533 cedor the Ducker (level 7, 0/50 HPs)
             Began as a Demonspawn Gladiator on Sept 19, 2016.
             Slain by a gnoll
             ... wielding a +0 spear
              (10 damage)
             ... on level 4 of the Dungeon.
             The game lasted 00:18:40 (3773 turns).

cedor the Ducker (Demonspawn Gladiator)             Turns: 3773, Time: 00:18:41

Health: 0/50       AC:  8    Str: 15    XL:     7   Next: 4%
Magic:  7/7        EV: 14    Int: 12    God:
Gold:   258        SH:  0    Dex: 13    Spells: 0 memorised, 6 levels left

rFire  . . .     SeeInvis .     a - +0 quarterstaff
rCold  . . .     Gourm    .     v - +0 leather armour
rNeg   . . .     Faith    .     (shield currently unavailable)
rPois  .         Spirit   .     c - +0 helmet
rElec  .         Dismiss  .     (no cloak)
rCorr  .         Reflect  .     F - +0 pair of gloves
SustAt .         Harm     .     e - +0 pair of boots
MR     .....                    (no amulet)
Stlth  ++........               (no ring)
                                (no ring)

@: not resistant to hostile enchantments, unstealthy
A: claws 1, slimy green scales 1, demonic guardian 1
a: no special abilities


You were on level 4 of the Dungeon.
You were not hungry.

You visited 1 branch of the dungeon, and saw 4 of its levels.

You collected 258 gold pieces.


Innate Abilities, Weirdness & Mutations

You have sharp fingernails.
You are partially covered in slimy green scales (AC +2).
A weak demonic guardian rushes to your aid.


   Skills:
 - Level 2.0 Fighting
 + Level 4.7 Staves
 - Level 1.7 Throwing
 + Level 5.0 Dodging
 + Level 3.6 Stealth


You had 6 spell levels left.
You didn't know any spells.

Inventory:

Hand Weapons
 a - a +0 quarterstaff (weapon)
 b - a +0 hunting sling
 k - a +4 dagger of venom
 y - a +0 blowgun
Missiles
 d - 2 throwing nets {=f}
 h - 279 stones (quivered)
 s - 33 poisoned needles
 x - 3 tomahawks
 B - 67 sling bullets
Armour
 c - a +0 helmet (worn)
 e - a +0 pair of boots (worn)
 v - a +0 leather armour (worn)
 F - a +0 pair of gloves (worn)
Wands
 u - a wand of confusion (0/48)
 z - a wand of disintegration (0/24)
Scrolls
 g - a scroll of enchant weapon {unknown}
 i - a scroll of amnesia {unknown}
 m - 2 scrolls of teleportation {unknown}
 p - a scroll of enchant armour {unknown}
 r - 3 scrolls of identify {unknown}
 t - 2 scrolls of remove curse {unknown}
 G - a scroll of blinking {unknown}
Potions
 j - a potion of mutation {unknown}
 l - a potion of heal wounds {unknown}
 n - 2 potions of resistance {unknown}
 q - 2 potions of haste {unknown}
 w - a potion of cure mutation {unknown}
 C - a potion of cancellation {unknown}
 E - a potion of brilliance {unknown}
Comestibles
 f - 3 bread rations
 o - a slice of pizza
 D - a meat ration

Dungeon Overview and Level Annotations

Branches:
Dungeon (4/15)
 Temple: D:4-7

Altars:
Ashenzari
Makhleb
Okawaru
Pakellas
Sif Muna
Trog
Yredelemnul

................▒
▒.▒.▒.▒.▒.▒.▒.▒▒▒▒
▒▒▒▒▒.▒.....▒......▒▒
.....................
.....................
≈≈≈≈≈≈.....)≈≈≈≈≈≈≈.≈
≈≈≈≈≈.((...≈≈≈≈≈≈≈≈≈≈
≈≈≈≈≈≈....≈≈≈≈≈≈≈≈≈≈≈
≈≈≈≈≈≈.6..≈≈≈≈≈≈≈≈≈≈≈
▒▒▒▒▒▒▒▒▒▒▒▒▒▒▒▒)g▒▒▒▒▒▒▒▒▒▒▒▒▒▒▒
▒.....▒)......▒.g(.▒.......▒.....
......))......▒..).▒.......))....
......▒▒▒▒▒▒▒▒▒)...▒▒▒▒▒▒▒▒▒.....
.............▒..)...▒..........▒▒
.).))..)...)))).....).........(▒
....)).......▒).....▒...(......▒▒
....))▒▒▒▒▒▒▒▒▒....▒▒▒▒▒▒▒▒▒)....


You could see a gnoll and a goblin.


Message History

The goblin closely misses you. The hobgoblin misses you.
You sock the hobgoblin!
You kill the hobgoblin!
The goblin closely misses you. The hobgoblin misses you.
You hit the hobgoblin.
The hobgoblin is heavily wounded.
The hobgoblin misses you. The goblin closely misses you.
You barely miss the hobgoblin.
The hobgoblin is heavily wounded.
The gnoll seems less confused.
The hobgoblin closely misses you. The goblin closely misses you.
You barely miss the hobgoblin.
The hobgoblin is heavily wounded.
The hobgoblin closely misses you. The goblin barely misses you.
The hobgoblin misses you. The goblin hits you but does no damage.
Things that are here:
an uncursed enchanted hunting sling; 2 sling bullets; a hobgoblin corpse Drop what? 32/52 slots (_ for help) (? for menu, Esc to quit)
Okay, then.
You thump the hobgoblin!
You kill the hobgoblin!
The goblin misses you. The gnoll closely misses you.
You closely miss the goblin.
The goblin is moderately wounded.
The goblin barely misses you. The gnoll hits you but does no damage.
You barely miss the goblin.
The goblin is moderately wounded.
The goblin misses you.
The gnoll hits you from afar with a spear!
You die...

Action                   |  1- 3 |  4- 6 |  7- 9 || total
-------------------------+-------+-------+-------++-------
Melee: Quarterstaff      |    73 |   333 |    18 ||   424
 Fire: Blowgun           |       |     4 |       ||     4
       Hunting sling     |       |     8 |       ||     8
Throw: Stone             |     9 |       |       ||     9
       Throwing net      |       |     1 |       ||     1
       Tomahawk          |       |     1 |       ||     1
Evoke: Wand              |       |    10 |     1 ||    11
  Use: Potion            |       |     1 |     1 ||     2
 Stab: Sleeping          |       |     3 |       ||     3
  Eat: Chunk             |       |    10 |       ||    10
Armor: Leather armour    |    29 |   107 |     5 ||   141
Dodge: Dodged            |    66 |   239 |    22 ||   327

Vault maps used:
D:1:      dpeg_arrival_shrine, interstate_on_off
D:2:      lemuel_doored_altar, nicolae_overflow_hidden_temple,
          amethyst_overflow_temple_binary, first_bread, uniq_jessica
D:3:      old_standard_altar, gammafunk_temple_overflow_pools, uniq_natasha,
          uniq_robin
D:4:      minmay_goblin_kobold_castle, nicolae_ru_great_annihilating_truth,
          kennysheep_mini_moat, st_stairs_13

Notes
Turn   | Place    | Note
--------------------------------------------------------------
     0 | D:1      | cedor the Demonspawn Gladiator began the quest for the Orb.
     0 | D:1      | Reached XP level 1. HP: 16/16 MP: 1/1
   168 | D:2      | Reached skill level 3 in Staves
   168 | D:2      | Reached skill level 3 in Dodging
   168 | D:2      | Gained mutation: A weak demonic guardian rushes to your aid. [demonic ancestry]
   168 | D:2      | Reached XP level 2. HP: 17/22 MP: 2/2
   462 | D:2      | Noticed Jessica
   471 | D:2      | Killed Jessica
   471 | D:2      | Reached XP level 3. HP: 21/27 MP: 3/3
   763 | D:2      | Found an oddly glowing altar of Pakellas.
   877 | D:2      | Found a shattered altar of Ashenzari.
   878 | D:2      | Found a basalt altar of Yredelemnul.
  1025 | D:2      | Found an iron altar of Okawaru.
  1073 | D:2      | Reached skill level 1 in Stealth
  1099 | D:2      | Gained mutation: You are partially covered in slimy green scales (AC +2). [demonic ancestry]
  1099 | D:2      | Reached XP level 4. HP: 26/33 MP: 4/4
  1443 | D:3      | Found a bloodstained altar of Trog.
  1444 | D:3      | Found a deep blue altar of Sif Muna.
  1975 | D:3      | Reached skill level 4 in Dodging
  1985 | D:3      | Reached XP level 5. HP: 25/38 MP: 5/5
  2022 | D:3      | Noticed Robin
  2047 | D:3      | Killed Robin
  2047 | D:3      | Reached skill level 2 in Stealth
  2102 | D:3      | Noticed Natasha
  2108 | D:3      | Killed Natasha
  2268 | D:3      | Noticed Natasha
  2275 | D:3      | Killed Natasha
  2275 | D:3      | Reached skill level 4 in Staves
  2473 | D:3      | Noticed Natasha
  2477 | D:3      | Found a burning altar of Makhleb.
  2488 | D:3      | Killed Natasha
  2657 | D:3      | Reached XP level 6. HP: 39/44 MP: 6/6
  2898 | D:4      | Reached skill level 3 in Stealth
  3398 | D:4      | HP: 4/44 [gnoll/club (8)]
  3399 | D:4      | HP: 1/44 [gnoll/club (3)]
  3696 | D:4      | Reached skill level 5 in Dodging
  3739 | D:4      | Gained mutation: You have sharp fingernails. [demonic ancestry]
  3739 | D:4      | Reached XP level 7. HP: 12/50 MP: 7/7
  3757 | D:4      | HP: 5/50 [hobgoblin/sling bullet (5)]
  3773 | D:4      | Slain by a gnoll

Vanquished Creatures
  A big kobold (D:4)
  A scorpion (D:4)
  A crimson imp (D:3)
  An orc wizard (D:3)
  Natasha (twice) (D:3)
  A worker ant (D:4)
  Robin (D:3)
  6 adders
  7 gnolls (D:4)
  2 oozes
  3 worms
  2 dart slugs
  2 giant geckos
  7 orcs
  5 bats
  A giant cockroach (D:3)
  26 goblins
  17 hobgoblins
  5 quokkas
  4 ball pythons
  4 giant newts
  6 kobolds
  4 rats
109 creatures vanquished.

Vanquished Creatures (collateral kills)
  Jessica (D:2)
  Natasha (D:3)
  A gnoll (D:4)
  9 goblins
  A hobgoblin (D:3)
  3 kobolds (D:4)
16 creatures vanquished.

Grand Total: 125 creatures vanquished
